 Dungeon Crawl Stone Soup version 0.30-a0-557-ge2afbf3030 (webtiles) character file.

Game seed: 13547583106123031695

2716 MackTheKnife the Thaumaturge (level 9, 0/45 HPs)
             Began as a Deep Elf Ice Elementalist on Dec 27, 2022.
             Was an Initiate of Sif Muna.
             Killed from afar by a white imp (11 damage)
             ... with a puff of frost
             ... on level 6 of the Dungeon.
             The game lasted 00:14:49 (6276 turns).

MackTheKnife the Thaumaturge (DEIE)                 Turns: 6276, Time: 00:14:49

Health: 0/45       AC: 10    Str:  4    XL:     9   Next: 39%
Magic:  10/26      EV: 13    Int: 28    God:    Sif Muna [......]
Gold:   312        SH:  0    Dex: 21    Spells: 14/31 levels left

rFire   . . .      SeeInvis +    P - +2 whip (elec) {mace}
rCold   . . .      Faith    .    (no shield)
rNeg    . . .      Spirit   .    a - +0 robe
rPois   +          Reflect  .    D - +2 helmet
rElec   .          Harm     .    j - +1 cloak
rCorr   .          Rampage  .    (no gloves)
Will    .....                    R - +0 pair of boots
Stlth   ++                       (no amulet)
HPRegen 0.27/turn                h - ring of poison resistance
MPRegen 0.20/turn                v - +6 ring of intelligence

@: freezing walls
A: hooves 1, iridescent scales 1, see invisible, agile 1
a: Renounce Religion


You were on level 6 of the Dungeon.
You worshipped Sif Muna.
Sif Muna was noncommittal.
You visited 2 branches of the dungeon, and saw 7 of its levels.
You also visited: Ossuary.

You collected 377 gold pieces.
You spent 65 gold pieces at shops.


Innate Abilities, Weirdness & Mutations

You have large cloven feet.
You are partially covered in iridescent scales. (AC +2)
You have supernaturally acute eyesight. (SInv)
You are agile. (Dex +4, Str/Int -1)


   Skills:
 - Level 2.4 Dodging
 - Level 2.4 Stealth
 + Level 11.9 Spellcasting
 - Level 3.8 Conjurations
 - Level 6.4 Summonings
 - Level 5.3 Ice Magic
 - Level 3.3 Air Magic
 - Level 4.1 Poison Magic


You had 14 spell levels left.
You knew the following spells:

 Your Spells              Type           Power      Damage    Failure   Level
a - Freeze                Ice            100%       1d10      1%          1
b - Frozen Ramparts       Ice            92%        1d14      1%          3
c - Summon Ice Beast      Ice/Summ       49%        N/A       3%          4
d - Mephitic Cloud        Conj/Pois/Air  37%        N/A       1%          3
e - Hailstorm             Conj/Ice       42%        3d10      1%          3
f - Ozocubu's Armour      Ice            46%        N/A       1%          3

Your spell library contained the following spells:

 Spells                   Type           Power      Damage    Failure   Level
 Cigotuvi's Dreadful Rot  Necr/Pois/Air  60%        N/A       1%          2
 Poisonous Vapours        Pois/Air       74%        N/A       1%          2
 Gell's Gravitas          Tloc           16%        N/A       10%         3
 Lesser Beckoning         Tloc           32%        N/A       10%         3
 Teleport Other           Tloc           16%        N/A       10%         3

Inventory:

Hand Weapons
 P - a +2 whip of electrocution (weapon) {mace}
   (You took it off Pikel on level 5 of the Dungeon)
Armour
 a - a +0 robe (worn)
 c - a +0 chain mail
   (You found it on level 1 of the Dungeon)
 g - a +0 ring mail
   (You took it off an orc on level 4 of the Dungeon)
 j - a +1 cloak (worn)
   (You found it on level 1 of the Dungeon)
 o - a +0 robe
   (You found it on level 2 of the Dungeon)
 p - a +0 leather armour
   (You took it off an orc on level 3 of the Dungeon)
 w - a +0 leather armour
   (You took it off an orc on level 3 of the Dungeon)
 x - a +0 leather armour
   (You took it off an orc on level 3 of the Dungeon)
 y - a +0 chain mail
   (You took it off an orc on level 3 of the Dungeon)
 A - a +0 plate armour
   (You found it on level 3 of the Dungeon)
 B - a +0 ring mail
   (You found it on level 3 of the Dungeon)
 C - a +0 robe
   (You found it on level 3 of the Dungeon)
 D - a +2 helmet (worn)
   (You found it on level 3 of the Dungeon)
 E - a +0 robe
   (You took it off Sigmund on level 3 of the Dungeon)
 G - a +0 scale mail
   (You took it off an orc on level 4 of the Dungeon)
 H - a +0 ring mail
   (You took it off an orc on level 4 of the Dungeon)
 I - a +0 robe
   (You took it off an orc wizard on level 4 of the Dungeon)
 L - a +0 ring mail
   (You found it on level 4 of the Dungeon)
 M - a +0 ring mail
   (You found it on level 4 of the Dungeon)
 O - a +0 robe
   (You took it off Pikel on level 5 of the Dungeon)
 R - a +0 pair of boots (worn)
   (You found it on level 5 of the Dungeon)
Magical Staves
 F - a staff of poison {!astaff}
   (You found it on level 3 of the Dungeon)
Jewellery
 h - a ring of poison resistance (left hand)
   (You found it on level 1 of the Dungeon)
 n - a ring of protection from fire
   (You found it on level 1 of the Dungeon)
 t - a ring of see invisible
   (You found it on level 2 of the Dungeon)
 v - a +6 ring of intelligence (right hand)
   (You found it on level 2 of the Dungeon)
Scrolls
 f - 2 scrolls of enchant armour
 l - 4 scrolls of teleportation {@r4}
 q - a scroll of magic mapping {!r}
 r - a scroll of fear
 U - 2 scrolls of blinking {!r}
Potions
 b - a potion of magic
 d - 2 potions of might
 e - a potion of mutation {!q}
 i - 2 potions of brilliance
 m - a potion of ambrosia {unknown}
 z - 2 potions of berserk rage {unknown}
 J - a potion of curing {@q1}
 K - a potion of attraction {unknown}
 N - 2 potions of invisibility
 Q - a potion of haste {unknown}
 S - 2 potions of degeneration {unknown}

Dungeon Overview and Level Annotations

Branches:
Dungeon (6/15) Zot: 26781  Temple (1/1) D:5 Zot: 5901 Ossuary (visited)

Altars:
Cheibriados
Elyvilon
Makhleb
Qazlal
Sif Muna
Yredelemnul
Zin
The Shining One

Shops:
D:3 *

Annotations:
D:6 Duvessa

#...# .# ##
#...##.#
..#o..##.# #
.lY.##.#
#?###..##.#
#...).Y##.#
.....#....#.# .##
#....5.##
#...).@.######
#......##........
#.###..##.#######
# ....##†#
.#...##.# #
#...##.# #... #..
###


You could see an orc warrior, a sky beast, an iguana, a white imp (ally target)
and a friendly ice beast (summoned).


Message History

Sif Muna accepts your kill.
The white imp completely resists.
The wall freezes the white imp but does no damage.
You hear a shout! 😮 HP[-9]
You take 9 damage, and now have 23/45 hp.
Your frozen ramparts will break if you move.
Continue?
The frozen ramparts melt away as you move.
An ufetubus comes into view.
Your ice beast hits the white imp but does no damage.
The white imp misses your ice beast.
Unknown command.
You hear a shout! 😮 HP[+1] Unknown command.
Duvessa rages.
You hear a shout!
Unknown command.
Casting: Hailstorm (safe; 1% risk of failure)
Confirm with . or Enter, or press ? or * to list all spells.
Casting: Hailstorm (safe; 1% risk of failure)
Press: ? - help, Dir - look around, f - activate A cannonade of hail descends around you!
The hail pelts the water moccasin!!
The hail pelts the white imp.
The white imp partially resists.
Your ice beast hits Duvessa but does no damage.
Unknown command.
Unknown command. 😮 MP[-2]
You lost 2 mp, and now have 12/26 mp.
Unknown command.
A kobold brigand comes into view.
It is wielding a +0 dagger and quivering curare-tipped darts.
The kobold brigand shouts!
Duvessa misses your ice beast.
Your ice beast hits Duvessa.
Your ice beast freezes Duvessa!
The kobold brigand throws a curare-tipped dart.
The curare-tipped dart barely misses your ice beast.
The curare-tipped dart closely misses you.
The water moccasin bites you!
* * * LOW HITPOINT WARNING * * *
There is a stone staircase leading up here. 😨 HP[-7]
You take 7 damage, and now have 17/45 hp.
Casting: Hailstorm (safe; 1% risk of failure)
Confirm with . or Enter, or press ? or * to list all spells.
Casting: Frozen Ramparts (safe; 1% risk of failure)
Press: ? - help, Dir - look around, f - activate A stone staircase leading up.
The walls around you are covered in ice.
Duvessa rages.
The wall freezes the water moccasin!
The water moccasin bites you.
* * * LOW HITPOINT WARNING * * *
Your ice beast hits Duvessa but does no damage.
The white imp resists.
The wall freezes the white imp.
The white imp closely misses you.
The kobold brigand throws a curare-tipped dart.
The curare-tipped dart closely misses your ice beast.
The curare-tipped dart misses the white imp.
The curare-tipped dart closely misses you.
An iguana comes into view. 😨 HP[-2] MP[-3]
You take 2 damage, and now have 15/45 hp.
You lost 3 mp, and now have 9/26 mp.
You hit the water moccasin but do no damage.
The ufetubus resists.
The wall freezes the ufetubus.
The wall freezes the water moccasin!
You kill the water moccasin!
Sif Muna accepts your kill.
Duvessa hits your ice beast with a +0 short sword.
The ufetubus resists.
The wall freezes the ufetubus.
Your ice beast hits Duvessa but does no damage.
The wall freezes the orc.
The orc hits you but does no damage.
The white imp resists.
The wall freezes the white imp.
The white imp barely misses you.
You barely miss the white imp.
The wall freezes the ufetubus but does no damage.
The ufetubus hits you but does no damage.
The ufetubus hits you.
* * * LOW HITPOINT WARNING * * *
Your ice beast hits Duvessa.
Your ice beast freezes Duvessa!
An orc warrior comes into view. It is wielding a +0 glaive.
The wall freezes the orc!
You kill the orc!
Sif Muna accepts your kill.
The wall freezes the white imp but does no damage.
The white imp closely misses you.
The iguana bites your ice beast. 😨 HP[-3]
You take 3 damage, and now have 12/45 hp.
Your frozen ramparts will break if you move.
Continue?
The ufetubus resists.
The wall freezes the ufetubus.
The ufetubus hits you.
* * * LOW HITPOINT WARNING * * *
The ufetubus barely misses you.
Duvessa rages.
The ufetubus resists.
The wall freezes the ufetubus.
You kill the ufetubus!
Sif Muna accepts your kill.
The white imp resists.
The wall freezes the white imp.
The white imp gestures at you. The puff of frost hits you!
You die...

Skill      XL: |  1  2  3  4  5  6  7  8  9 |
---------------+----------------------------+-----
Spellcasting   | 4 5 6 8 9 11 | 11.9
Ice Magic      | 5 |  5.3
Summonings     | 1 2 3 5 6 |  6.4
Poison Magic   | 1 2 3 4 |  4.1
Air Magic      | 1 2 3 |  3.3
Conjurations   | 3 |  3.8
Dodging        | |  2.4
Stealth        | |  2.4

Action                   |  1- 3 |  4- 6 |  7- 9 || total
-------------------------+-------+-------+-------++-------
Melee: Unarmed           |     4 |       |       ||     4
       Short sword       |    18 |     5 |    20 ||    43
       Kick              |       |       |     5 ||     5
       Punch             |       |       |     2 ||     2
       Whip              |       |       |   121 ||   121
 Cast: Freeze            |    67 |    22 |    43 ||   132
       Frozen Ramparts   |     1 |     8 |    28 ||    37
       Summon Ice Beast  |       |     1 |     5 ||     6
       Hailstorm         |       |       |    23 ||    23
       Mephitic Cloud    |       |       |     2 ||     2
       Ozocubu's Armour  |       |       |     2 ||     2
Evoke: Wand              |       |     4 |    10 ||    14
  Use: Potion            |       |     4 |     4 ||     8
       Scroll            |       |     2 |    11 ||    13
 Stab: Sleeping          |     1 |       |     2 ||     3
       Invisible         |       |       |     1 ||     1
       Confused          |       |       |     1 ||     1
Armor: Robe              |    17 |    11 |    67 ||    95
Dodge: Dodged            |    49 |    20 |   159 ||   228

Levels and vault maps discovered:
D:1:      minmay_arrival_diagonal_passages, layout_loops_ring, serial_bayou,
          serial_bayou_pond_b, serial_bayou_lagoon_a, serial_bayou_ford_a,
          serial_bayou_shore_b
D:2:      layout_loops_cross, basic_ecumenical_altar
D:3:      layout_basic, amcnicky_altar_gilded, serial_shops,
          nicolae_shop_hallway_stairs, uniq_sigmund, uniq_grinder
D:4:      layout_rooms
D:5:      layout_gridville, mainiacjoe_overflow_catwalk, temple_pool_b,
          nicolae_ossuary_entry_plus, feat_on_display, uniq_pikel
D:6:      hangedman_cross_stitches, layout_loops_ring, kennysheep_small_circle,
          uniq_duvessa
Temple:   bh_familiar_temple

Notes
Turn   | Place    | Note
-------+----------+-------------------------------------------
     0 | D:1      | MackTheKnife the Deep Elf Ice Elementalist began the quest
                  | for the Orb.
     0 | D:1      | Reached XP level 1. HP: 10/10 MP: 6/6
     0 | D:1      | magus.rc [v1.9.6]
    58 | D:1      | magus.rc [v1.9.6]
   275 | D:1      | Reached XP level 2. HP: 15/15 MP: 4/8
   574 | D:1      | magus.rc [v1.9.6]
   639 | D:1      | Reached skill level 4 in Spellcasting
   759 | D:1      | Reached XP level 3. HP: 19/19 MP: 8/10
   763 | D:1      | Learned a level 3 spell: Frozen Ramparts
   799 | D:1      | Reached skill level 5 in Ice Magic
   990 | D:1      | You pick up a book of Vapours and begin reading...
   990 | D:1      | You add the spells Poisonous Vapours, Cigotuvi's Dreadful
                  | Rot and Mephitic Cloud to your library.
  1245 | D:2      | Found a faded altar of an unknown god.
  1731 | D:2      | Reached XP level 4. HP: 23/24 MP: 7/12
  1867 | D:2      | Learned a level 4 spell: Summon Ice Beast
  1871 | D:2      | Learned a level 3 spell: Mephitic Cloud
  2021 | D:3      | Found Aleibiv's General Store.
  2048 | D:3      | Bought a scroll of identify for 26 gold pieces
  2054 | D:3      | Bought a scroll of teleportation for 39 gold pieces
  2126 | D:3      | Found a white marble altar of Elyvilon.
  2145 | D:3      | Noticed Grinder
  2152 | D:3      | Reached skill level 5 in Spellcasting
  2152 | D:3      | Reached skill level 1 in Summonings
  2152 | D:3      | Reached skill level 1 in Poison Magic
  2154 | D:3      | Reached skill level 1 in Air Magic
  2154 | D:3      | Reached XP level 5. HP: 22/28 MP: 7/14
  2155 | D:3      | Paralysed by Grinder for 3 turns
  2391 | D:3      | You pick up a book of Frost and begin reading...
  2474 | D:3      | Noticed Sigmund
  2492 | D:3      | Killed Sigmund
  2493 | D:3      | Reached skill level 2 in Summonings
  2493 | D:3      | Reached skill level 2 in Air Magic
  2493 | D:3      | Reached skill level 2 in Poison Magic
  2493 | D:3      | Reached XP level 6. HP: 11/32 MP: 6/16
  2642 | D:3      | Reached skill level 6 in Spellcasting
  2642 | D:3      | Reached skill level 3 in Summonings
  2727 | D:3      | Paralysed by Grinder for 4 turns
  2731 | D:3      | HP: 7/32 [Grinder (9)]
  2741 | D:3      | HP: 5/32 [Grinder (4)]
  2756 | D:3      | Killed Grinder
  2757 | D:3      | Reached skill level 3 in Air Magic
  2757 | D:3      | Reached skill level 3 in Poison Magic
  2757 | D:3      | Reached XP level 7. HP: 10/36 MP: 4/18
  3305 | D:4      | You pick up a book of Displacement and begin reading...
  3305 | D:4      | You add the spells Lesser Beckoning, Gell's Gravitas and
                  | Teleport Other to your library.
  3310 | D:4      | Learned a level 3 spell: Hailstorm
  3367 | D:4      | Reached skill level 1 in Conjurations
  3368 | D:4      | Reached skill level 4 in Summonings
  3368 | D:4      | Reached skill level 4 in Poison Magic
  3379 | D:4      | Reached skill level 7 in Spellcasting
  3672 | D:4      | Gained mutation: You have supernaturally acute eyesight.
                  | (SInv) [potion of mutation]
  3672 | D:4      | Gained mutation: You are agile. (Dex +4, Str/Int -1)
                  | [potion of mutation]
  3672 | D:4      | Gained mutation: You have large cloven feet. [potion of
                  | mutation]
  3672 | D:4      | Gained mutation: You are partially covered in iridescent
                  | scales. (AC +2) [potion of mutation]
  3995 | D:5      | Entered Level 5 of the Dungeon
  4078 | D:5      | Noticed Pikel
  4153 | D:5      | Killed Pikel
  4154 | D:5      | Reached skill level 8 in Spellcasting
  4154 | D:5      | Reached skill level 3 in Conjurations
  4154 | D:5      | Reached skill level 5 in Summonings
  4154 | D:5      | Reached XP level 8. HP: 17/41 MP: 3/22
  4156 | D:5      | HP: 7/41 [iguana (11)]
  4162 | D:5      | HP: 9/41 [iguana (1)]
  4606 | D:5      | Found a sand-covered staircase.
  4612 | Ossuary  | Entered an ossuary
  4682 | Ossuary  | Reached skill level 6 in Summonings
  4783 | Ossuary  | Reached skill level 9 in Spellcasting
  4976 | Ossuary  | Reached XP level 9. HP: 45/45 MP: 19/24
  5011 | Ossuary  | Reached skill level 10 in Spellcasting
  5330 | D:5      | Found a glowing golden altar of the Shining One.
  5398 | D:5      | Found a staircase to the Ecumenical Temple.
  5511 | Temple   | Entered the Ecumenical Temple
  5580 | Temple   | Became a worshipper of Sif Muna the Loreminder
  5631 | D:5      | Learned a level 3 spell: Ozocubu's Armour
  6129 | D:3      | HP: 10/45 [shadow (8)]
  6143 | D:3      | Reached skill level 11 in Spellcasting
  6260 | D:6      | Noticed Duvessa
  6260 | D:6      | Noticed Dowan
  6264 | D:6      | Killed Dowan
  6276 | D:6      | HP: 11/45 [ufetubus (2)]
  6276 | D:6      | Killed from afar by a white imp

Vanquished Creatures
  Pikel (D:5)
  Sigmund (D:3)
  A shadow (D:3)
  A water moccasin (D:6)
  2 black bears
  3 lemures (D:5)
  A phantom (D:5)
  10 scorpions
  Dowan (D:6)
  A nameless horror (D:4)
  2 centaur zombies (Ossuary)
  2 jellies
  A hound (D:4)
  A human zombie (Ossuary)
  3 orc priests (D:3)
  4 scorpion zombies (Ossuary)
  An iguana (D:5)
  An orc wizard (D:4)
  3 mummies (Ossuary)
  3 gnolls (D:5)
  5 adders
  A shadow imp (D:5)
  A white imp (D:5)
  An ufetubus (D:6)
  A worm (D:2)
  2 dart slugs
  15 orcs
  11 ball pythons
  5 bats
  10 endoplasms
  6 giant cockroaches
  2 gnoll zombies (Ossuary)
  2 goblins (D:4)
  8 hobgoblins
  4 jackals
  8 kobolds
  2 quokkas
  2 frilled lizards (D:1)
  4 goblin zombies (Ossuary)
  2 hobgoblin zombies (Ossuary)
  3 kobold zombies (Ossuary)
  2 orc zombies (Ossuary)
  5 rats (D:1)
145 creatures vanquished.

Vanquished Creatures (collateral kills)
  Grinder (D:3)
  A water moccasin (D:6)
2 creatures vanquished.

Vanquished Creatures (others)
  20 plants (D:1)
20 creatures vanquished.

Grand Total: 167 creatures vanquished

Table legend:
 A = Non-vault XP
 B = Vault XP
 C = Vault XP percentage of total XP
 D = Non-vault monster count
 E = Vault monster count
 F = Vault count percentage of total count
                 A         B        C        D         E       F
            +---------+---------+-------+---------+---------+-------
      Total |    1149 |    2740 |  70.5 |     102 |      41 |  28.7
            +---------+---------+-------+---------+---------+-------
        D:1 |      54 |       2 |   3.6 |      32 |       1 |   3.0
        D:2 |      42 |       0 |   0.0 |      14 |       0 |   0.0
        D:3 |     346 |     722 |  67.6 |      20 |       3 |  13.0
        D:4 |     405 |       0 |   0.0 |      27 |       0 |   0.0
        D:5 |     289 |     629 |  68.5 |       8 |       1 |  11.1
        D:6 |      13 |     378 |  96.7 |       1 |       5 |  83.3
    Ossuary |       0 |    1009 | 100.0 |       0 |      31 | 100.0
            +---------+---------+-------+---------+---------+-------

Illustrated notes

Table legend:
 A = Kills in this place as a percentage of kills in entire the game.
 B = Kills by you in this place as a percentage of kills by you in the entire game.
 C = Kills by friends in this place as a percentage of kills by friends in the entire game.
 D = Other kills in this place as a percentage of other kills in the entire game.
 E = Experience gained in this place as a percentage of experience gained in the entire game.
 F = Experience gained in this place divided by the number of levels of this place that you have seen.
                   A       B       C       D       E      F
               +-------+-------+-------+-------+-------+----------------------
         Total | 100.0 | 100.0 | 100.0 |   N/A | 100.0 | 486.1
       Dungeon |  78.3 |  78.0 | 100.0 |   N/A |  74.1 | 480.0
       Ossuary |  21.7 |  22.0 |   0.0 |   N/A |  25.9 | 1009.0
               +-------+-------+-------+-------+-------+----------------------

Table legend: (Time is in decaauts)
 A = Elapsed time spent in this place.
 B = Non-inter-level travel time spent in this place.
 C = Inter-level travel time spent in this place.
 D = Time resting spent in this place.
 E = Time spent auto-exploring this place.
 F = Levels seen in this place.
 G = Mean time per level.
                   A        B        C        D        E       F      G
               +--------+--------+--------+--------+--------+-----+--------+
         Total |   6311 |   6078 |    233 |    594 |   4255 |   8 |  788.9 |
       Dungeon |   5543 |   5339 |    204 |    514 |   3869 |   6 |  923.8 |
        Temple |     98 |     69 |     29 |      0 |     61 |   1 |   98.0 |
       Ossuary |    668 |    668 |      0 |     80 |    325 |   1 |  668.0 |
               +--------+--------+--------+--------+--------+-----+--------+

Top non-repeatable levels by time:
     D:3: 1357 daAuts
     D:5: 1321 daAuts
     D:1: 1157 daAuts
     D:4: 868 daAuts
     D:2: 772 daAuts
 Ossuary: 668 daAuts
  Temple: 98 daAuts
     D:6: 66 daAuts
